AoeStats
← NDF

Arabia

509744392Analyzed
1v1 RM · 3d ago on Sep 27, 2026· 44m 58s· 2 players
Game mode
Random Map
Map size
Tiny (2 player)
Population
200
Speed
Normal
Resources
Standard
Victory
Conquest
Starting age
Dark Age
Ending age
Imperial Age
RankedLock teamsTeams togetherTeam positionsShared explorationLock speedFull tech treeHidden civsTurbo modeCheats
Victory
Defeat
🇲🇽 Poles · Mexico
595
+17
🇦🇷 Teutons · Argentina
626
-17
garzaalejandro11037
12:17 Feudal Age
12:10 Loom
12:54 Double-Bit Axe
12:59 Town Watch
28:03 Scale Mail Armor
28:09 Scale Barding Armor
30:10 Castle Age
29:01 Forging
28:52 Scale Mail Armor
29:50 Bloodlines
29:33 Man-at-Arms
34:42 Chain Mail Armor
34:32 Scale Barding Armor
35:03 Iron Casting
34:19 Fletching
34:29 Padded Archer Armor
39:31 Chain Barding Armor
NDF
3:16 Loom
11:28 Feudal Age
11:54 Man-at-Arms
25:16 Castle Age
24:26 Double-Bit Axe
24:25 Horse Collar
25:23 Gold Mining
26:18 Arson
26:34 Squires
27:31 Forging
27:12 Fletching
27:22 Padded Archer Armor
29:22 Stone Mining
30:15 Bloodlines
33:06 Stone Shaft Mining
32:06 Pikeman
Connection lost

Rejoining the realm…

Still unreachable

The connection could not be restored.

Session expired

The server has moved on; the page needs a fresh start.